 Dungeon Crawl Stone Soup version 0.24.0-123-gd5b16e6ec5 (webtiles) character file.

Game seed: 9393491541520575453, levelgen mode: deterministic

119151 FishyPogo the Blocker (level 16, -1/193 HPs)
             Began as a Demonspawn Fighter on Jan 25, 2020.
             Was the Champion of Makhleb.
             Slain by an apocalypse crab (8 damage)
             ... while petrified by you
             ... on level 1 of the Swamp on Jan 26, 2020.
             The game lasted 01:25:44 (22292 turns).

FishyPogo the Blocker (Demonspawn Fighter)         Turns: 22292, Time: 01:25:45

Health: -1/193     AC:  0    Str: 28    XL:     16   Next: 27%
Magic:  6/23       EV:  5    Int:  9    God:    Makhleb [******]
Gold:   2112       SH:  0    Dex: 19    Spells: 10/15 levels left

rFire    . . .     SeeInvis .   (weapon currently unavailable)
rCold    . . .     Gourm    .   (shield currently unavailable)
rNeg     + + +     Faith    .   (armour currently unavailable)
rPois    ∞         Spirit   .   (helmet currently unavailable)
rElec    .         Reflect  .   (cloak currently unavailable)
rCorr    .         Harm     .   (gloves currently unavailable)
MR       +....                  (boots currently unavailable)
Stlth    ..........             P - amulet of the acrobat
HPRegen  0.42/turn              (ring currently unavailable)
MPRegen  0.18/turn              (ring currently unavailable)

@: berserking, lethally poisoned (-1 -> -1), bat-form (expiring), petrified,
flying, very slightly contaminated, slowed, invisible, very quick
A: tiny, foul stench 1, nightstalker 3, augmentation 2, rot immunity
a: Minor Destruction, Lesser Servant of Makhleb, Major Destruction, Greater
Servant of Makhleb, Renounce Religion


You were on level 1 of the Swamp.
You worshipped Makhleb.
Makhleb was exalted by your worship.
You were hungry.
You were in bat-form.
You visited 5 branches of the dungeon, and saw 25 of its levels.
You also visited: Bailey.

You collected 2576 gold pieces.
You spent 464 gold pieces at shops.

Inventory:

Hand Weapons
 a - the +7 whip "Rugia" (melded) {flame, rElec rF- Dex+3}
   (You found it on level 7 of the Dungeon)

   It has been specially enchanted to burn those struck by it, causing extra
   injury to most foes and up to half again as much damage against particularly
   susceptible opponents.
   It affects your dexterity (+3).
   It makes you vulnerable to fire.
   It insulates you from electricity.
 b - the +2 rapier of the Scorpion {antimagic, rPois rF+}
   (You acquired it on level 1 of the Lair of Beasts)

   It reduces the magical energy of the wielder, and disrupts the spells and
   magical abilities of those hit.
   Natural abilities and divine invocations are not affected.
   It protects you from fire.
   It protects you from poison.
Missiles
 g - 82 poisoned darts
 J - 3 throwing nets
 O - 36 boomerangs (quivered)
 Q - 4 javelins
 S - 7 curare-tipped darts
Armour
 j - a +2 pair of gloves of dexterity (melded)
 q - the +6 plate armour "Yziarch" (melded) {rF+ rN+ Int+2}
   (You acquired it on level 1 of the Lair of Beasts)

   It affects your intelligence (+2).
   It protects you from fire.
   It protects you from negative energy.
 x - a +1 chain mail of cold resistance
 y - a scarf of cloud immunity
 L - the +1 leather armour of the First Shrikes {MR+ rCorr Str+2}
   (You found it on level 5 of the Dungeon)

   It affects your strength (+2).
   It affects your resistance to hostile enchantments.
   It provides partial protection from all sources of acid and corrosion.
 U - a scarf of spirit shield (melded)
 V - a +0 large shield (melded)
Jewellery
 o - a ring of protection from magic (melded)
 v - a +2 ring of protection (melded)
 K - an uncursed ring of fire
 P - an amulet of the acrobat (around neck)
 W - an uncursed ring of protection from fire
 X - an uncursed amulet of faith {unknown}
Wands
 p - a wand of flame (38)
 w - a wand of acid (8)
 R - a wand of iceblast (11)
Scrolls
 h - 4 scrolls of remove curse
 i - 3 scrolls of teleportation
 r - a scroll of immolation
 t - 11 scrolls of identify
 C - 5 scrolls of enchant weapon
 F - 4 scrolls of blinking
 I - 2 scrolls of enchant armour
 M - 4 scrolls of fear
 T - a scroll of amnesia
 Y - a scroll of brand weapon
Potions
 d - 3 potions of might
 k - a potion of magic
 l - 3 potions of lignification
 m - 4 potions of invisibility
 n - 3 potions of mutation
 u - 4 potions of heal wounds
 z - a potion of haste
 D - a potion of ambrosia
 E - 7 potions of curing
 G - 4 potions of agility
 Z - 5 potions of flight
Comestibles
 c - 6 chunks of flesh
 f - 37 rations


   Skills:
 * Level 12.7 Fighting
 - Level 4.3 Short Blades
 + Level 13.2 Maces & Flails
 + Level 11.1 Armour
 - Level 7.1 Stealth
 * Level 14.8 Shields
 - Level 10.0 Invocations


You had 10 spell levels left.
You knew the following spells:

 Your Spells              Type           Power        Failure   Level  Hunger
a - Aura of Abjuration    Summ           #.........   100%        5    ######.

Your spell library contained the following spells:

 Spells                   Type           Power        Failure   Level  Hunger
 Confusing Touch          Hex            #.....       38%         1    ##.....
 Confuse                  Hex            #.......     77%         3    ####...
 Gell's Gravitas          Tloc           #.........   77%         3    ####...
 Recall                   Summ/Tloc      N/A          77%         3    ####...
 Leda's Liquefaction      Hex/Erth       #.........   99%         4    #####..
 Petrify                  Tmut/Erth      #.......     99%         4    #####..
 Bolt of Magma            Conj/Fire/Erth #.........   100%        5    ######.
 Metabolic Englaciation   Hex/Ice        #.........   100%        5    ######.
 Summon Demon             Summ           #.........   100%        5    ######.
 Summon Forest            Summ/Tloc      #.........   100%        5    ######.
 Summon Mana Viper        Hex/Summ       #.......     100%        5    ######.
 Yara's Violent Unravell  Hex/Tmut       #.........   100%        5    ######.
 Iron Shot                Conj/Erth      #.........   100%        6    #######
 Shadow Creatures         Summ           N/A          100%        6    #######
 Statue Form              Tmut/Erth      #........    100%        6    #######
 Shatter                  Erth           #.........   100%        9    #######


Dungeon Overview and Level Annotations

Branches:
Dungeon (15/15)            Temple (1/1) D:4            Lair (6/6) D:8
  Swamp (1/4) Lair:4       Spider (0/4) Lair:2        Slime (0/5) Lair:6
    Orc (2/2) D:11            Elf (0/3) Orc:2        Vaults (0/5) D:13
 Depths (0/5) D:15         Bailey (visited)

Altars:
Ashenzari
Dithmenos
Gozag
Makhleb
Sif Muna
Vehumet
Yredelemnul
The Shining One
Jiyva

Shops:
D:7 }   D:13 !   Orc:2 [:%?

Portals:
Pandemonium: Orc:2

Annotations:
D:7 2 transporters, Xerdoz's ghost, novice OpTm


Innate Abilities, Weirdness & Mutations

((You have razor-sharp toenails.))
((You are mostly covered in molten scales. (AC +3)))
You may emit foul miasma when damaged in melee.
You are completely attuned to the shadows.
Your magical and physical power is enhanced at high health.
You are immune to rotting.


Message History

The blast of chaos engulfs you! Something bites you.
* * * LOW HITPOINT WARNING * * *
Something freezes you!
* * * LOW HITPOINT WARNING * * *
Something claws you.
* * * LOW HITPOINT WARNING * * *
Your body is twisted very painfully!
* * * LOW HITPOINT WARNING * * *
The spriggan druid calls out to the beasts of the wild!
You shrug off the repeated paralysis!
Something bites you.
* * * LOW HITPOINT WARNING * * *
You are engulfed in flames!
* * * LOW HITPOINT WARNING * * *
Something claws you.
* * * LOW HITPOINT WARNING * * *
You are engulfed in flames!
* * * LOW HITPOINT WARNING * * *
Something bites you. Something freezes you!
You die...

#####♣#####♣####
#..÷†.....÷..†.# ♣♣
♣.###♣♣####♣##÷# ♣♣.
#.#...÷.†....#.♣ ♣.≈
♣.♣b♣####♣##.#.# ♣♣≈
#.♣{# #.#.# ♣♣.
#)♣i# #.#.#♣♣≈.
♣.#..... #.#.♣♣≈≈.
#÷#♣♣♣####♣#.#÷#..≈≈
♣....÷....÷..#.#≈.≈.
####♣###♣#♣##♣'#>...
.♣≈....≈. ♣..≈≈.≈≈≈.


You could see a spriggan druid.

Vanquished Creatures
  Nikola (Swamp:1)
  Kirke (D:13)
  Roxanne (D:14)
  Louise (D:14)
  2 orc warlords
  Snorg (Lair:5)
  Josephine (D:10)
  3 catoblepae (Lair:6)
  Fannar (Lair:1)
  Erolcha (D:9)
  5 ghost crabs (Swamp:1)
  9 hydras
  2 centaur warriors
  A death knight (D:15)
  8 two-headed ogres
  An ogre mage (D:15)
  2 tengu warriors (D:14)
  5 death yaks (Lair:6)
  7 orc high priests (Orc:2)
  Urug (Lair:3)
  Sonja (D:13)
  A soul eater (Orc:2)
  A sixfirhy (Orc:2)
  4 unseen horrors
  A wizard (D:15)
  An infernal demonspawn (Orc:2)
  A torturous demonspawn (Orc:2)
  A spriggan druid (Swamp:1)
  5 deep elf magi
  A phantasmal warrior (D:15)
  A necromancer (D:15)
  7 orc knights
  14 ugly things
  2 wolf spider zombies
  8 orc sorcerers
  5 manticores
  3 oklob plants (Lair:4)
  5 cyclopes
  3 elephants (Lair:6)
  Joseph (D:10)
  4 centaur zombies
  2 apocalypse crabs (Swamp:1)
  A smoke demon (Orc:2)
  4 gargoyles
  5 black mambas
  2 orange demons (Orc:2)
  A kobold demonologist (D:11)
  6 spiny frogs
  2 rime drakes
  2 freezing wraiths (D:15)
  An efreet (D:13)
  3 komodo dragons
  A red devil (Orc:2)
  2 tengu conjurers
  3 trolls
  A slime creature (D:13)
  2 hornets
  24 blink frogs
  3 tyrant leeches
  7 dream sheep
  9 hippogriffs
  A centaur simulacrum (D:15)
  5 wraiths
  3 fire bats (Lair:1)
  4 wyverns
  8 vampire mosquitoes
  6 basilisks
  5 hogs (D:13)
  56 yaks
  A water elemental (D:14)
  3 hungry ghosts
  3 swamp worms
  6 insubstantial wisps (Swamp:1)
  4 wargs
  3 soldier ants
  7 water moccasins
  A floating eye (Lair:4)
  6 porcupines
  49 orc warriors
  A hornet zombie (D:13)
  3 phantoms
  2 sky beasts
  2 ice beasts
  A black bear (D:6)
  17 ogres
  A necrophage (D:8)
  3 wolves (Lair:1)
  11 centaurs
  9 crocodiles
  2 big kobolds
  A gnoll sergeant (D:8)
  26 bullfrogs
  A wyvern zombie (D:6)
  A hornet simulacrum (D:15)
  3 scorpions
  9 wights
  16 killer bees
  4 howler monkeys
  4 electric eels
  13 crimson imps
  2 bullfrog zombies
  A lava snake (Lair:6)
  2 quasits
  10 hounds
  26 orc wizards
  25 orc priests
  2 bullfrog skeletons (D:5)
  3 jellies
  5 centaur skeletons
  4 iguanas
  10 worker ants
  A killer bee zombie (D:9)
  2 hound skeletons
  3 hound zombies
  A howler monkey zombie (D:8)
  8 adders
  7 gnolls (D:8)
  7 shadow imps
  A white imp (D:5)
  2 oozes (D:5)
  An adder skeleton (D:9)
  7 worms
  A dart slug (D:1)
  4 leopard geckos
  110 orcs
  8 giant cockroaches
  11 goblins
  9 hobgoblins
  22 jackals
  2 quokkas
  A ball python (D:6)
  3 bats (D:2)
  4 frilled lizards
  A jackal zombie (D:7)
  19 kobolds
  A leopard gecko skeleton (D:4)
  A quokka skeleton (D:5)
  11 rats
844 creatures vanquished.

Vanquished Creatures (collateral kills)
  A water moccasin (Lair:6)
  6 orc warriors (Orc:1)
  An orc priest (Orc:1)
  An orc wizard (Orc:1)
  2 orcs (Orc:1)
11 creatures vanquished.

Vanquished Creatures (others)
  An orc priest (Orc:2)
  A worker ant (D:13)
  A leopard gecko (D:9)
  A jackal (D:10)
  6 fungi (Lair:6)
  13 plants (Lair:6)
23 creatures vanquished.

Grand Total: 878 creatures vanquished

Notes
Turn   | Place    | Note
-------+----------+-------------------------------------------
     0 | D:1      | FishyPogo the Demonspawn Fighter began the quest for the
                  | Orb.
     0 | D:1      | Reached XP level 1. HP: 18/18 MP: 1/1
   118 | D:3      | Noticed an orc wizard
   128 | D:2      | Killed an orc wizard
   128 | D:2      | Reached skill level 3 in Shields
   128 | D:2      | Gained mutation: You are slightly more attuned to the
                  | shadows. [demonic ancestry]
   128 | D:2      | Reached XP level 2. HP: 21/24 MP: 2/2
   128 | D:2      | Reached XP level 3. HP: 25/29 MP: 3/3
   538 | D:4      | Found a radiant altar of Vehumet.
   560 | D:4      | Reached XP level 4. HP: 21/35 MP: 4/4
   798 | D:4      | Found a shadowy altar of Dithmenos.
   908 | D:4      | Gained mutation: You are partially covered in molten
                  | scales. (AC +2) [demonic ancestry]
   908 | D:4      | Reached XP level 5. HP: 35/42 MP: 5/5
   990 | D:4      | Reached skill level 4 in Shields
  1003 | D:4      | Found a staircase to the Ecumenical Temple.
  1015 | Temple   | Entered the Ecumenical Temple
  1032 | Temple   | Became a worshipper of Makhleb the Destroyer
  1638 | D:2      | Reached * piety under Makhleb
  2207 | D:3      | Gained mutation: You are immune to rotting. [demonic
                  | ancestry]
  2207 | D:3      | Reached XP level 6. HP: 48/48 MP: 6/6
  2230 | D:3      | Reached skill level 1 in Invocations
  2562 | D:4      | Reached ** piety under Makhleb
  2837 | D:5      | Entered Level 5 of the Dungeon
  3172 | D:5      | Reached skill level 5 in Shields
  3172 | D:5      | Gained mutation: You are mostly covered in molten scales.
                  | (AC +3) [demonic ancestry]
  3172 | D:5      | Reached XP level 7. HP: 41/55 MP: 8/8
  3318 | D:5      | Got a citrine-studded leather armour
  3713 | D:6      | Identified the +1 leather armour of the First Shrikes {MR+
                  | rCorr Str+2} (You found it on level 5 of the Dungeon)
  4155 | D:6      | Gained mutation: You have sharp toenails. [demonic
                  | ancestry]
  4155 | D:6      | Reached XP level 8. HP: 38/61 MP: 10/10
  4172 | D:6      | Reached skill level 5 in Fighting
  4180 | D:6      | Reached skill level 6 in Shields
  4237 | D:6      | Found a shimmering blue altar of Sif Muna.
  4567 | D:7      | Reached *** piety under Makhleb
  4618 | D:7      | Found Lous's Gadget Shop.
  4626 | D:7      | Found an opulent altar of Gozag.
  4771 | D:7      | Noticed a moth of wrath
  4799 | D:7      | Noticed Xerdoz's ghost (novice OpTm)
  4810 | D:7      | Noticed a troll
  4816 | D:7      | Found a transporter.
  4818 | D:7      | Found a transporter.
  4885 | D:7      | Got a fine whip
  4885 | D:7      | Identified the +7 whip "Rugia" {flame, rElec rF- Dex+3}
                  | (You found it on level 7 of the Dungeon)
  4959 | D:7      | Reached skill level 1 in Maces & Flails
  5073 | D:7      | Reached skill level 5 in Armour
  5322 | D:7      | Reached skill level 5 in Invocations
  5340 | D:7      | Gained mutation: You are significantly more attuned to the
                  | shadows. [demonic ancestry]
  5340 | D:7      | Reached XP level 9. HP: 65/69 MP: 12/12
  5403 | D:8      | Reached skill level 7 in Shields
  5566 | D:8      | Reached skill level 1 in Stealth
  5658 | D:8      | Reached **** piety under Makhleb
  5701 | D:8      | Paralysed by a hornet for 3 turns
  6218 | D:8      | Found a staircase to the Lair.
  6477 | D:9      | Reached skill level 8 in Shields
  6477 | D:9      | Gained mutation: Your magical and physical power is
                  | slightly enhanced at high health. [demonic ancestry]
  6477 | D:9      | Reached XP level 10. HP: 77/77 MP: 12/14
  6513 | D:9      | Noticed Erolcha
  6555 | D:9      | Killed Erolcha
  6970 | D:9      | Reached skill level 5 in Maces & Flails
  7217 | D:9      | Noticed a cyan ugly thing
  7228 | D:9      | Killed a cyan ugly thing
  7507 | D:9      | Reached ***** piety under Makhleb
  7757 | D:10     | Entered Level 10 of the Dungeon
  7807 | D:10     | Found a shimmering blue altar of Sif Muna.
  7876 | D:10     | Noticed Josephine
  7893 | D:10     | Killed Josephine
  7893 | D:10     | Reached skill level 9 in Shields
  8004 | D:10     | Noticed a two-headed ogre
  8019 | D:10     | Killed a two-headed ogre
  8019 | D:10     | Gained mutation: Your magical and physical power is
                  | enhanced at high health. [demonic ancestry]
  8019 | D:10     | Reached XP level 11. HP: 77/84 MP: 10/15
  8219 | D:10     | Noticed Joseph
  8462 | D:10     | Noticed a two-headed ogre
  8469 | D:10     | Killed a two-headed ogre
  8582 | D:10     | Killed Joseph
  8895 | D:11     | Reached skill level 5 in Stealth
  9182 | D:11     | Found a staircase to the Orcish Mines.
  9368 | Lair:1   | Entered Level 1 of the Lair of Beasts
  9370 | Lair:1   | Identified 2 scrolls of acquirement
  9371 | Lair:1   | Got a fine rapier
  9372 | Lair:1   | Identified the +2 rapier of the Scorpion {antimagic, rPois
                  | rF+} (You acquired it on level 1 of the Lair of Beasts)
  9375 | Lair:1   | Got a heavily runed plate armour
  9385 | Lair:1   | Identified the +6 plate armour "Yziarch" {rF+ rN+ Int+2}
                  | (You acquired it on level 1 of the Lair of Beasts)
  9461 | Lair:1   | Reached skill level 10 in Shields
  9892 | Lair:1   | Gained mutation: You have razor-sharp toenails. [demonic
                  | ancestry]
  9892 | Lair:1   | Reached XP level 12. HP: 94/94 MP: 14/16
 10096 | Lair:1   | Noticed Fannar
 10109 | Lair:1   | Killed Fannar
 10837 | Lair:2   | Reached ****** piety under Makhleb
 10880 | Lair:2   | Noticed a four-headed hydra
 10889 | Lair:2   | Killed a four-headed hydra
 10973 | Lair:2   | Found a hole to the Spider Nest.
 11571 | Lair:3   | Noticed Urug
 11579 | Lair:3   | Killed Urug
 11855 | Lair:4   | Noticed a seven-headed hydra
 11862 | Lair:4   | Killed a seven-headed hydra
 11862 | Lair:4   | Reached skill level 11 in Shields
 11943 | Lair:4   | Paralysed by a floating eye for 2 turns
 12144 | Lair:4   | Found a staircase to the Swamp.
 12776 | Lair:4   | Reached XP level 13. HP: 67/101 MP: 12/17
 13126 | Lair:5   | Learned a level 5 spell: Aura of Abjuration
 13243 | Lair:5   | Noticed Snorg
 13256 | Lair:5   | Killed Snorg
 13613 | Lair:6   | Entered Level 6 of the Lair of Beasts
 13695 | Lair:6   | Reached skill level 10 in Maces & Flails
 13886 | Lair:6   | Reached skill level 12 in Shields
 13939 | Lair:6   | Found a staircase to the Slime Pits.
 13955 | Lair:6   | Found a viscous altar of Jiyva.
 14138 | Lair:6   | Reached skill level 10 in Fighting
 14533 | Lair:6   | Gained mutation: You may emit foul miasma when damaged in
                  | melee. [demonic ancestry]
 14533 | Lair:6   | Reached XP level 14. HP: 110/110 MP: 14/18
 15280 | Orc:1    | Entered Level 1 of the Orcish Mines
 15453 | Orc:1    | Noticed an orc warlord
 15478 | Orc:1    | Killed an orc warlord
 15832 | Orc:2    | Entered Level 2 of the Orcish Mines
 15986 | Orc:2    | Noticed an orc warlord
 15987 | Orc:2    | Noticed an Executioner
 16659 | Orc:2    | Found a staircase to the Elven Halls.
 16745 | Orc:2    | Reached skill level 13 in Shields
 16773 | Orc:2    | Found Ipomeff's Food Shoppe.
 16803 | Orc:2    | Found Idisif's Magic Scroll Emporium.
 17240 | Orc:2    | Reached skill level 10 in Armour
 17259 | Orc:2    | Found Idoxtogg's Antique Armour Shop.
 17259 | Orc:2    | Found a one-way gate leading to the halls of Pandemonium.
 17259 | Orc:2    | Found Poduuty's Book Boutique.
 17472 | Orc:2    | Killed an orc warlord
 17570 | Orc:2    | Bought a smoking leather armour for 154 gold pieces
 17570 | Orc:2    | Bought a faintly glowing leather armour for 154 gold pieces
 17580 | Orc:2    | Identified the cursed +1 leather armour "Kuyrr" {*Drain
                  | rPois rN+ Str+2} (You bought it in a shop on level 2 of the
                  | Orcish Mines)
 17580 | Orc:2    | Identified the +0 leather armour of Lenui {rElec rF- Int+6}
                  | (You bought it in a shop on level 2 of the Orcish Mines)
 18448 | D:13     | Found a flagged portal.
 18449 | D:13     | Found a gate to the Vaults.
 18471 | Bailey   | Entered a bailey
 18848 | D:13     | Noticed Sonja
 19109 | D:13     | Gained mutation: You are completely attuned to the shadows.
                  | [demonic ancestry]
 19109 | D:13     | Reached XP level 15. HP: 118/118 MP: 17/20
 19203 | D:13     | Found Togresha's Distillery.
 19208 | D:13     | Bought a potion of agility for 52 gold pieces
 19208 | D:13     | Bought a potion of heal wounds for 65 gold pieces
 19208 | D:13     | Bought a potion of curing for 39 gold pieces
 19249 | D:13     | Killed Sonja
 19575 | D:13     | Noticed Kirke
 19592 | D:13     | Noticed a sphinx
 19593 | D:13     | Killed Kirke
 19934 | D:14     | Reached skill level 14 in Shields
 20128 | D:14     | Noticed Roxanne
 20161 | D:14     | Killed Roxanne
 20294 | D:14     | Noticed Louise
 20336 | D:14     | Killed Louise
 20921 | D:15     | Entered Level 15 of the Dungeon
 21356 | D:15     | Found a staircase to the Depths.
 21517 | D:15     | Reached XP level 16. HP: 127/127 MP: 20/23
 21958 | Swamp:1  | Entered Level 1 of the Swamp
 21979 | Swamp:1  | Noticed Nikola
 21996 | Swamp:1  | Killed Nikola
 21996 | Swamp:1  | Reached skill level 10 in Invocations
 22018 | Swamp:1  | Found a runed translucent door.
 22278 | Swamp:1  | Identified the +8 dagger of Paper {protect, rPois Str+3
                  | Int+6 Dex-2}
 22287 | Swamp:1  | Paralysed by something for 5 turns
 22291 | Swamp:1  | HP: 6/193 [something (7)]
 22292 | Swamp:1  | Slain by an apocalypse crab

Levels and vault maps discovered:
D:1:      shiori_shiawase, layout_basic, kennysheep_decorative_pillar,
          minmay_misc_feat_doors, minmay_vboxes
D:2:      layout_rooms
D:3:      layout_rooms, hex_medium, hangedman_decor_points,
          kennysheep_generic_room_13
D:4:      layout_loops_ring, kennysheep_mini_moat, vehumet_altar_wand_db,
          minmay_temple_entry_junction_2, first_ration
D:5:      layout_basic, minmay_fire_ice_demons
D:6:      layout_basic, lemuel_crystal_altar
D:7:      layout_basic, lemuel_crystal_altar, gammafunk_ghost_wrathful_warriors,
          serial_shops, nicolae_shop_trees
D:8:      layout_gridville, lair_entry_dummy, hangedman_pestilent_swarm,
          grunt_ministairs_9
D:9:      layout_roguey, serial_corexii_hall, corexii_hall_statues_l,
          chequers_hall_statues_y, minivault_11, chequers_serial_rivers_large_a,
          uniq_erolcha
D:10:     layout_gridville, basic_altar, uniq_josephine, uniq_joseph
D:11:     layout_basic, orc_0_dummy
D:12:     layout_rooms, minmay_tree_intersection
D:13:     minmay_big_diamond_grid, layout_irregular_city, serial_shops, shop,
          enter_bailey_3, moated_statue, uniq_sonja, uniq_kirke
D:14:     layout_basic, minmay_holes, uniq_louise, uniq_roxanne
D:15:     grunt_enter_depths_magical_seal, layout_basic
Temple:   eino_narrow_crystal_temple
Lair:1:   layout_long_grid, nicolae_volcano_entry_batcave, serial_bayou_shore_b,
          serial_bayou_shore_b, uniq_fannar
Lair:2:   layout_roguey, dummy_spider_entry
Lair:3:   layout_roguey, uniq_urug
Lair:4:   layout_cave_pods, minmay_swamp_entry_worms, disabler_island
Lair:5:   layout_roguey, grunt_forest_stairs_basic, uniq_snorg
Lair:6:   evilmike_catoblepas_cave, layout_gridlike, slime_altar_1,
          serial_bayou_lagoon_b
Swamp:1:  gammafunk_mikee_crab_dinner, layout_falls_marsh,
          infiniplex_staircase_pool, swamp_pool1, uniq_nikola
Orc:1:    layout_diamond_mine, lemuel_statue_altar
Orc:2:    pf_orc_diabolical, layout_diamond_mine

Skill      XL: |  1  2  3  4  5  6  7  8  9 10 11 12 13 14 15 16 |
---------------+-------------------------------------------------+-----
Short Blades   | 2 3 4 |  4.3
Armour         | 3 4 5 6 7 8 9 10 11 | 11.1
Shields        | 3 4 5 6 8 9 10 11 12 13 14 | 14.8
Fighting       | 4 5 6 7 8 9 10 11 12 | 12.7
Invocations    | 2 3 5 6 7 9 10 | 10.0
Maces & Flails | 2 4 6 8 9 11 12 13 | 13.2
Stealth        | 2 4 5 7 |  7.1

Action                   |  1- 3 |  4- 6 |  7- 9 | 10-12 | 13-15 | 16-18 || total
-------------------------+-------+-------+-------+-------+-------+-------++-------
Melee: Rapier            |    76 |   430 |    36 |       |       |       ||   542
       Dagger            |       |       |   205 |     1 |       |       ||   206
       Whip              |       |       |   225 |   614 |  1414 |   131 ||  2384
       Unarmed           |       |       |       |     4 |     1 |     3 ||     8
       Kick              |       |       |       |    90 |   719 |    64 ||   873
Throw: Dart              |       |       |    10 |     3 |       |       ||    13
       Boomerang         |       |       |       |     2 |    21 |       ||    23
Invok: Minor Destruction |       |       |     3 |    78 |   248 |    14 ||   343
       Major Destruction |       |       |       |     1 |       |       ||     1
       Greater Servant o |       |       |       |       |     3 |       ||     3
  Use: Scroll            |       |       |     8 |     9 |    18 |     1 ||    36
       Potion            |       |       |     3 |     2 |     7 |       ||    12
 Stab: Sleeping          |       |       |     8 |     9 |     7 |     1 ||    25
       Distracted        |       |       |     1 |       |     4 |     1 ||     6
  Eat: Chunk             |       |     9 |    18 |    25 |    29 |     2 ||    83
Armor: Scale mail        |    28 |   277 |    24 |       |       |       ||   329
       Leather armour    |       |       |    25 |     1 |    23 |       ||    49
       Ring mail         |       |       |   102 |   110 |       |       ||   212
       Plate armour      |       |       |     6 |    97 |   512 |    56 ||   671
       Skin              |       |       |       |     1 |       |       ||     1
Dodge: Dodged            |    18 |   166 |   117 |   154 |   311 |    11 ||   777
Block: Shield            |    41 |   257 |   237 |   285 |   525 |       ||  1345
       Large shield      |       |       |       |       |   177 |    66 ||   243
